 Dungeon Crawl Stone Soup version 0.29.1-2-gbd0b4ee654 (webtiles) character file.

Game seed: 16139230071753185591

10 GorkyZ the Chopper (level 2, -3/18 HPs)
             Began as a Gargoyle Gladiator on Nov 30, 2022.
             Slain by a goblin
             ... wielding a +0 club
              (4 damage)
             ... on level 1 of the Dungeon.
             The game lasted 00:00:24 (58 turns).

GorkyZ the Chopper (Gargoyle Gladiator)               Turns: 58, Time: 00:00:25

Health: -3/18      AC:  6    Str: 17    XL:     2   Next: 20%
Magic:  2/2        EV: 12    Int:  8    God:
Gold:   15         SH:  0    Dex: 11    Spells: 1/1 levels left

rFire   . . .      SeeInvis .   a - +0 war axe
rCold   . . .      Faith    .   (no shield)
rNeg    + . .      Spirit   .   b - +0 leather armour
rPois   ∞          Reflect  .   c - +0 helmet
rElec   +          Harm     .   (no cloak)
rCorr   .          Rampage  .   (no gloves)
Will    .....                   (no boots)
Stlth   +.........              (no amulet)
HPRegen 0.06/turn               (no ring)
MPRegen 0.08/turn               (no ring)

@: no status effects
A: sickness immunity, AC +2, negative energy resistance 1, electricity
resistance, torment resistance 1, petrification resistance
a: no special abilities


You were on level 1 of the Dungeon.
You visited 1 branch of the dungeon, and saw 1 of its levels.

You collected 15 gold pieces.

Inventory:

Hand Weapons
 a - a +0 war axe (weapon)
Missiles
 d - 3 throwing nets (quivered)
 e - a javelin
Armour
 b - a +0 leather armour (worn)
 c - a +0 helmet (worn)
Scrolls
 f - 3 scrolls of fear {unknown}


   Skills:
 + Level 2.4 Fighting
 + Level 2.8 Axes
 + Level 1.9 Throwing
 + Level 0.6 Armour
 + Level 2.5 Dodging


You had one spell level left.
You didn't know any spells.
Your spell library was empty.

Dungeon Overview and Level Annotations

Branches:
Dungeon (1/15)

Altars:


Innate Abilities, Weirdness & Mutations

You are immune to sickness and miasma.
Your stone body is resilient. (AC +2)
You are immune to poison.
You resist negative energy. (rN+)
You are resistant to electric shocks. (rElec)
You are resistant to unholy torment.
You are immune to petrification.


Message History

The jackal barely misses you. The endoplasm hits you.
* * * LOW HITPOINT WARNING * * *
You hit the endoplasm.
You kill the endoplasm!
You hit the jackal.
You kill the jackal!
You hit the giant cockroach but do no damage.
You closely miss the goblin.
The giant cockroach bites you but does no damage.
The goblin hits you but does no damage. The giant cockroach barely misses you.
The goblin hits you with a +0 club.
* * * LOW HITPOINT WARNING * * *
You hit the giant cockroach.
The giant cockroach is moderately wounded.
You barely miss the goblin. The giant cockroach bites you.
* * * LOW HITPOINT WARNING * * *
The goblin hits you but does no damage.
The giant cockroach bites you but does no damage.
You closely miss the giant cockroach.
The giant cockroach is moderately wounded.
You barely miss the goblin. The goblin hits you but does no damage.
The giant cockroach misses you. The goblin barely misses you.
You hit the giant cockroach but do no damage.
The giant cockroach is moderately wounded.
You closely miss the goblin.
The giant cockroach closely misses you. x2
The goblin barely misses you.
You closely miss the goblin. You closely miss the giant cockroach.
The giant cockroach closely misses you. The goblin barely misses you.
The giant cockroach barely misses you.
You closely miss the goblin. You closely miss the giant cockroach.
The goblin closely misses you.
The giant cockroach bites you but does no damage.
The goblin hits you but does no damage.
You closely miss the goblin.
You hit the giant cockroach but do no damage.
The giant cockroach misses you. The goblin barely misses you.
The giant cockroach barely misses you.
You closely miss the goblin. You hit the giant cockroach.
The giant cockroach misses you. The goblin hits you with a +0 club.
You die...

..............###
..............'†##
..............#..#
............####.#
#.........### #.#
###.....### #.#
........ #.#
......... #.#
....~~~.. ##@#
..~~≈≈≈~~. +gB#
#.†# #... .....
....>.. .........
...........
.............


You could see a giant cockroach and a goblin.

Vanquished Creatures
  An endoplasm (D:1)
  4 jackals (D:1)
  A quokka (D:1)
  A frilled lizard (D:1)
  2 rats (D:1)
9 creatures vanquished.

Notes
Turn   | Place    | Note
-------+----------+-------------------------------------------
     0 | D:1      | GorkyZ the Gargoyle Gladiator began the quest for the Orb.
     0 | D:1      | Reached XP level 1. HP: 12/12 MP: 1/1
    41 | D:1      | Reached XP level 2. HP: 10/18 MP: 2/2
    58 | D:1      | Slain by a goblin

Illustrated notes

Levels and vault maps discovered:
D:1:      nzn_arrival_depleted_hourglass, layout_rooms,
          ebering_ecumenical_altar_petrified

Action                   || total
-------------------------++-------
Melee: War axe           ||    35
Armor: Leather armour    ||    26
Dodge: Dodged            ||    48
